AoeStats
← Rendalin

Arena

509721511Analyzed
4v4 RM · 5d ago on Sep 27, 2026· 38m 57s· 8 players
Game mode
Random Map
Map size
Large (8 player)
Population
200
Speed
Normal
Resources
Standard
Victory
Conquest
Starting age
Dark Age
Ending age
Imperial Age
RankedLock teamsTeams togetherTeam positionsShared explorationLock speedFull tech treeHidden civsTurbo modeCheats
Victory
Defeat
🇬🇧 Inca · United Kingdom
1161
+14
🇦🇷 Turks · Argentina
1124
+16
🇦🇺 Saxons · Australia
1112
+16
🇺🇸 Poles · United States
1098
+17
🇺🇸 Varangians · United States
1162
-18
🇺🇸 Mongols · United States
1145
-17
🇨🇴 Cumans · Colombia
1132
-16
🇺🇸 Britons · United States
1023
-12
Rendalin
9:58 Feudal Age
11:44 Double-Bit Axe
11:43 Horse Collar
16:45 Padded Archer Armor
17:04 Fletching
22:52 Castle Age
23:00 Crossbowman
23:42 Bodkin Arrow
24:20 Heavy Plow
25:04 Leather Archer Armor
28:17 Gold Mining
33:25 Yeomen
37:08 Imperial Age
37:09 Arbalester
Big Radahn
11:22 Feudal Age
12:56 Double-Bit Axe
15:51 Castle Age
13:37 Horse Collar
14:21 Stone Mining
14:33 Loom
17:20 Bow Saw
17:04 Fletching
17:10 Gold Mining
19:08 Padded Archer Armor
24:34 Scale Barding Armor
25:11 Forging
27:39 Chain Barding Armor
28:09 Wheelbarrow
32:09 Imperial Age
30:50 Gold Shaft Mining
30:40 Ballistics
30:36 Heavy Plow
31:25 Iron Casting
30:55 Husbandry
31:08 Bloodlines
31:31 Husbandry
32:41 Heavy Camel Rider
36:21 Blast Furnace
Neor2526
10:12 Feudal Age
13:32 Man-at-Arms
15:05 Forging
15:14 Loom
18:44 Wheelbarrow
22:32 Castle Age
21:10 Gold Mining
21:09 Double-Bit Axe
21:49 Horse Collar
23:28 Hand Cart
22:37 Capped Ram
30:02 Imperial Age
28:33 Stone Mining
30:28 Gold Shaft Mining
30:24 Elite Steppe Lancer
32:20 Conscription
33:44 Steppe Husbandry
37:33 Bloodlines
38:30 Scale Barding Armor
39:01 Iron Casting
Senshi
12:32 Feudal Age
16:38 Castle Age
15:03 Double-Bit Axe
18:20 Bow Saw
18:13 Loom
19:49 Horse Collar
22:41 Heavy Plow
25:34 Forging
28:35 Wheelbarrow
31:21 Imperial Age
30:58 Iron Casting
30:23 Scale Mail Armor
31:22 Arson
33:06 Blast Furnace
34:13 Scale Barding Armor
34:26 Chain Mail Armor
35:15 Conscription
34:56 Elite Varangian Guard
tallshanks
10:41 Feudal Age
14:56 Castle Age
13:05 Double-Bit Axe
13:42 Stone Mining
14:02 Loom
27:59 Fletching
29:06 Wheelbarrow
28:32 Town Watch
28:53 Bodkin Arrow
28:54 Arson
29:03 Man-at-Arms
30:18 Scale Mail Armor
30:29 Forging
35:30 Imperial Age
33:40 Squires
33:01 Long Swordsman
33:52 Horse Collar
34:24 Bow Saw
34:43 Heavy Plow
35:16 Chain Mail Armor
35:27 Ballistics
37:37 Chemistry
38:00 Hoardings
Gouldy928
9:55 Feudal Age
13:39 Castle Age
11:39 Double-Bit Axe
14:42 Loom
16:34 Bow Saw
22:11 Horse Collar
23:47 Wheelbarrow
25:26 Gold Mining
26:41 Heavy Plow
31:09 Imperial Age
29:16 Town Watch
29:47 Hand Cart
30:09 Gold Shaft Mining
29:25 Stone Mining
29:48 Treadmill Crane
30:19 Masonry
32:19 Conscription
32:33 Scale Mail Armor
32:43 Forging
33:21 Fabric Shields
34:40 Iron Casting
34:50 Siege Engineers
35:22 Ballistics
37:40 Blast Furnace
36:55 Chain Mail Armor
37:15 Fletching
37:26 Padded Archer Armor
37:27 Onager
39:28 Coinage
_InSane_
11:30 Feudal Age
15:16 Castle Age
13:01 Horse Collar
13:35 Double-Bit Axe
16:32 Bow Saw
21:19 Heavy Plow
23:13 Wheelbarrow
22:38 Gold Mining
24:23 Loom
27:09 Imperial Age
25:14 Hand Cart
25:14 Padded Archer Armor
27:27 Leather Archer Armor
30:00 Two-Man Saw
29:50 Gold Shaft Mining
29:06 Stone Mining
30:29 Ring Archer Armor
PMar
11:41 Feudal Age
15:39 Castle Age
13:57 Double-Bit Axe
13:59 Horse Collar
14:52 Stone Mining
18:26 Loom
24:39 Bow Saw
25:30 Wheelbarrow
24:59 Heavy Plow
24:58 Fletching
25:25 Squires
25:40 Scale Mail Armor
30:33 Imperial Age
28:52 Hand Cart
28:43 Bodkin Arrow
29:01 Gold Mining
29:42 Chain Mail Armor
30:22 Forging
30:37 Arson
31:59 Conscription
32:41 Plate Mail Armor
32:13 Bracer
33:41 Siege Engineers
33:54 Town Watch
33:40 Elite Hearth Troop
35:03 Iron Casting
34:22 Elite Skirmisher
36:16 Two-Man Saw
35:35 Shield Wall
36:23 Padded Archer Armor
38:08 Chemistry
37:19 Masonry
Connection lost

Rejoining the realm…

Still unreachable

The connection could not be restored.

Session expired

The server has moved on; the page needs a fresh start.